 Dungeon Crawl Stone Soup version 0.23.0 (webtiles) character file.

Game seed: 3739102535895184272

56 elfaar the Conjurer (level 3, -3/27 HPs)
             Began as a Draconian Conjurer on Feb 17, 2019.
             Slain by a gnoll
             ... wielding a +0 flail
              (8 damage)
             ... on level 1 of the Dungeon.
             The game lasted 00:12:06 (1041 turns).

elfaar the Conjurer (Draconian Conjurer)            Turns: 1041, Time: 00:12:07

Health: -3/27      AC:  5    Str: 10    XL:     3   Next: 71%
Magic:  1/6        EV: 12    Int: 16    God:
Gold:   64         SH:  0    Dex: 11    Spells: 0/6 levels left

rFire    . . .     SeeInvis .   h - +0 short sword
rCold    . . .     Gourm    .   (no shield)
rNeg     . . .     Faith    .   (armour unavailable)
rPois    .         Spirit   .   (helmet restricted)
rElec    .         Reflect  .   (no cloak)
rCorr    .         Harm     .   (no gloves)
MR       .....                  (no boots)
Stlth    ++........             d - amulet of regeneration
HPRegen  0.49/turn              (no ring)
MPRegen  0.10/turn              (no ring)

@: no status effects
A: unfitting armour, cold-blooded, AC +5
a: no special abilities


You were on level 1 of the Dungeon.
You were not hungry.

You visited 1 branch of the dungeon, and saw 3 of its levels.

You collected 64 gold pieces.

Inventory:

Hand Weapons
 e - a +0 dagger of venom
 h - a +0 short sword (weapon)
 i - a +1 shortbow of velocity
Missiles
 f - 34 stones (quivered)
Armour
 g - a +1 cloak
Jewellery
 d - an amulet of regeneration (around neck)
Scrolls
 k - a scroll of remove curse
Potions
 a - 2 potions of haste {unknown}
 c - a potion of heal wounds {unknown}
Comestibles
 b - 3 rations


   Skills:
 + Level 0.4 Fighting
 + Level 0.3 Short Blades
 + Level 0.2 Throwing
 + Level 1.9 Dodging
 + Level 1.8 Stealth
 + Level 2.4 Spellcasting
 + Level 4.9 Conjurations


You couldn't memorise any spells.
You knew the following spells:

 Your Spells              Type           Power        Failure   Level  Hunger
a - Magic Dart            Conj           ###.         2%          1    #......
b - Searing Ray           Conj           ###...       4%          2    ###....
c - Dazzling Spray        Conj/Hex       #.....       22%         3    ###....

Your spell library contained the following spells:

 Spells                   Type           Power        Failure   Level  Hunger
 Iskenderun's Mystic Bla  Conj           ###.....     26%         4    #####..
 Force Lance              Conj/Tloc      #.......     58%         4    #####..
 Fulminant Prism          Conj/Hex       #.........   58%         4    #####..


Dungeon Overview and Level Annotations

Branches:
Dungeon (3/15)

Altars:


Innate Abilities, Weirdness & Mutations

Your plain brown scales are hard. (AC +5)
You cannot fit into any form of body armour.
You are cold-blooded and may be slowed by cold attacks.


Message History

Press: ? - help, Shift-Dir - straight line, f - gnoll
Aim: a gnoll The searing ray hits the gnoll.
The gnoll is lightly wounded. (Press . to maintain the ray.)
The gnoll barely misses you.
The searing ray hits the gnoll!
The gnoll is severely wounded.
The gnoll completely misses you.
The searing ray hits the gnoll.
You kill the gnoll!
The searing ray hits the gnoll!
The gnoll is almost dead.
You finish channeling your searing ray.
The gnoll hits you with a +0 flail! The gnoll hits you with a +0 flail!
* * * LOW HITPOINT WARNING * * *
You barely miss the gnoll.
The gnoll is almost dead.
The gnoll hits you with a +0 flail!
You die...

#### #########
...####.......######
#.......####...g@..#
#..###..####.>####.#
...........#..####.#
#..###..##......##.#
....##..####..#.##.#
..............#.##.#
###.########.......#
.##.###########.####
.##.#.......# #.#


You could see a gnoll.

Vanquished Creatures
  A gnoll (D:1)
  An adder (D:2)
  2 oozes (D:1)
  3 dart slugs
  A goblin (D:1)
  3 hobgoblins (D:1)
  2 bats (D:1)
  A frilled lizard (D:1)
  7 kobolds (D:1)
  5 rats
26 creatures vanquished.

Notes
Turn   | Place    | Note
-------+----------+-------------------------------------------
     0 | D:1      | elfaar the Draconian Conjurer began the quest for the Orb.
     0 | D:1      | Reached XP level 1. HP: 14/14 MP: 3/3
    90 | D:1      | Reached XP level 2. HP: 18/20 MP: 1/5
   375 | D:1      | Learned a level 2 spell: Searing Ray
   553 | D:1      | Reached XP level 3. HP: 26/26 MP: 2/6
   558 | D:1      | Learned a level 3 spell: Dazzling Spray
  1041 | D:1      | Slain by a gnoll

Action                   || total
-------------------------++-------
Melee: Unarmed           ||     2
       Tailslap          ||     1
       Short sword       ||    10
       Dagger            ||     3
Throw: Stone             ||     7
 Cast: Magic Dart        ||    40
       Searing Ray       ||     2
  Use: Scroll            ||     7
 Stab: Sleeping          ||     1
  Eat: Chunk             ||     1
Armor: Skin              ||     2
Dodge: Dodged            ||    15
